 Dungeon Crawl Stone Soup version 0.24.1-14-gf8d2b509d9 (webtiles) character file.

Game seed: 7753902733826543453, levelgen mode: deterministic

389 Hugehornet the Cudgeler (level 6, -3/37 HPs)
             Began as a Gargoyle Fighter on May 23, 2020.
             Slain by an ogre
             ... wielding a +0 giant spiked club
              (6 damage)
             ... on level 4 of the Dungeon.
             The game lasted 00:03:55 (3961 turns).

Hugehornet the Cudgeler (Gargoyle Fighter)          Turns: 3961, Time: 00:03:56

Health: -3/37      AC: 15    Str: 20    XL:     6   Next: 79%
Magic:  6/6        EV:  5    Int: 10    God:
Gold:   230        SH:  9    Dex:  9    Spells: 5/5 levels left

rFire    . . .     SeeInvis .   m - +2 whip (freeze)
rCold    . . .     Gourm    .   c - +0 shield
rNeg     + . .     Faith    .   w - +0 chain mail
rPois    ∞         Spirit   .   s - +0 helmet (curse)
rElec    +         Reflect  .   t - scarf {repulsion}
rCorr    .         Harm     .   (no gloves)
MR       .....                  n - +0 pair of boots
Stlth    ..........             (no amulet)
HPRegen  0.12/turn              (no ring)
MPRegen  0.10/turn              (no ring)

@: repel missiles
A: negative energy resistance 1, electricity resistance, unbreathing,
petrification resistance, rot immunity, AC +4
a: no special abilities


You were on level 4 of the Dungeon.
You were hungry.

You visited 1 branch of the dungeon, and saw 4 of its levels.

You collected 230 gold pieces.

Inventory:

Hand Weapons
 a - a +0 flail
 m - a +2 whip of freezing (weapon)
Armour
 c - a +0 shield (worn)
 n - a +0 pair of boots (worn)
 s - a cursed +0 helmet (worn)
 t - a scarf of repulsion (worn)
 w - a +0 chain mail (worn)
Jewellery
 k - an uncursed ring of see invisible {unknown}
 o - an uncursed amulet of rage {unknown}
Wands
 q - a wand of flame (6)
 r - a wand of disintegration (9)
Scrolls
 e - 2 scrolls of teleportation {unknown}
 i - 3 scrolls of remove curse {unknown}
 j - 6 scrolls of identify {unknown}
 l - 2 scrolls of fog {unknown}
 u - a scroll of immolation {unknown}
Potions
 d - 3 potions of might
 g - a potion of ambrosia {unknown}
 h - 3 potions of agility {unknown}
 p - a potion of haste
Comestibles
 f - 6 rations


   Skills:
 - Level 3.2 Fighting
 + Level 7.0 Maces & Flails
 - Level 3.2 Armour
 - Level 3.2 Shields


You had 5 spell levels left.
You didn't know any spells.
Your spell library was empty.

Dungeon Overview and Level Annotations

Branches:
Dungeon (4/15)             Temple (0/1) D:4

Altars:
Ashenzari
Fedhas
Qazlal
Sif Muna
Vehumet
The Shining One

Annotations:
D:4 Ijyb


Innate Abilities, Weirdness & Mutations

You are resistant to torment.
Your stone body is resilient. (AC +4)
You are immune to poison.
You resist negative energy. (rN+)
You are resistant to electric shocks. (rElec)
You can survive without breathing.
You are immune to petrification.
You are immune to rotting.


Message History

Ijyb the Twisted Goblin comes into view.
She is wielding a +0 club and carrying a wand of digging (7).
You hit the ogre but do no damage.
The ogre hits you with a +0 giant spiked club!!
Ouch! That really hurt!
You are too injured to fight recklessly!
You whack the ogre! You freeze the ogre.
The ogre is heavily wounded.
The ogre hits you with a +0 giant spiked club!
* * * LOW HITPOINT WARNING * * *
You hit the ogre. You freeze the ogre.
The ogre is heavily wounded.
You hit the ogre. You freeze the ogre.
The ogre is severely wounded.
You block the ogre's attack.
Your chain mail prevents you from hitting the ogre.
The ogre is severely wounded.
You hit the ogre. You freeze the ogre.
The ogre is almost dead.
The ogre hits you with a +0 giant spiked club.
You die...

#.#
#.#####.##.#########
#.######.# #.####
#........# #.#
########## #.# #.#
#.# ####.# #....#
#@##.# #.O.#...
#.⌠.#.....
#.g.#.......
##.#####.### ... .#
... # .>.


You could see an ogre and Ijyb.

Vanquished Creatures
  An ogre (D:2)
  A bullfrog zombie (D:4)
  A hound (D:4)
  An orc wizard (D:3)
  Natasha (thrice) (D:3)
  A hound skeleton (D:4)
  A howler monkey skeleton (D:3)
  3 adders
  An adder skeleton (D:4)
  4 worms
  A dart slug (D:1)
  2 leopard geckos
  8 orcs
  5 ball pythons
  A giant cockroach (D:1)
  7 goblins
  9 hobgoblins
  3 jackals (D:2)
  A quokka (D:3)
  11 bats
  5 frilled lizards
  3 kobolds
  A leopard gecko zombie (D:4)
  A quokka zombie (D:4)
  2 rats (D:2)
77 creatures vanquished.

Notes
Turn   | Place    | Note
-------+----------+-------------------------------------------
     0 | D:1      | Hugehornet the Gargoyle Fighter began the quest for the
                  | Orb.
     0 | D:1      | Reached XP level 1. HP: 14/14 MP: 1/1
   190 | D:1      | Reached XP level 2. HP: 9/19 MP: 2/2
   392 | D:1      | Reached skill level 3 in Maces & Flails
   731 | D:2      | Found a shattered altar of Ashenzari.
  1040 | D:2      | Reached XP level 3. HP: 16/23 MP: 3/3
  1191 | D:2      | Found a faded altar of an unknown god.
  1302 | D:2      | Found a radiant altar of Vehumet.
  1381 | D:2      | Reached skill level 4 in Maces & Flails
  1603 | D:2      | Reached XP level 4. HP: 28/28 MP: 4/4
  1688 | D:2      | Noticed an ogre
  1695 | D:2      | Killed an ogre
  1695 | D:2      | Reached skill level 5 in Maces & Flails
  1695 | D:2      | Reached XP level 5. HP: 14/32 MP: 5/5
  2422 | D:3      | Noticed Natasha
  2442 | D:3      | Killed Natasha
  2486 | D:3      | Noticed Natasha
  2496 | D:3      | Killed Natasha
  2496 | D:3      | Reached skill level 6 in Maces & Flails
  2543 | D:3      | Noticed Natasha
  2556 | D:3      | Killed Natasha
  2556 | D:3      | Reached XP level 6. HP: 19/37 MP: 6/6
  3134 | D:3      | Found a glowing golden altar of the Shining One.
  3171 | D:3      | Found a blossoming altar of Fedhas.
  3172 | D:3      | Found a stormy altar of Qazlal.
  3703 | D:4      | Found a shimmering blue altar of Sif Muna.
  3796 | D:4      | Reached skill level 7 in Maces & Flails
  3954 | D:4      | Found a staircase to the Ecumenical Temple.
  3955 | D:4      | Noticed Ijyb
  3961 | D:4      | Slain by an ogre

Levels and vault maps discovered:
D:1:      ebering_trefoil_3fold, layout_rooms
D:2:      layout_loops_corners, old_standard_altar, fiery_altar_vehumet,
          chequers_ecumenical_altar_simple_redux
D:3:      layout_basic, grunt_temple_overflow_forces_of_nature,
          lemuel_doored_altar, minivault_25, uniq_natasha
D:4:      layout_loops_corners, kennysheep_mini,
          minmay_temple_entry_antechambers, first_ration, serial_undead,
          serial_undead_b, serial_undead_e, serial_undead_a, serial_undead_e,
          serial_undead_d, uniq_ijyb, uniq_menkaure

Skill      XL: |  1  2  3  4  5  6 |
---------------+-------------------+-----
Maces & Flails | 3 4 5 6 7 |  7.0
Fighting       | |  3.2
Armour         | |  3.2
Shields        | |  3.2

Action                   |  1- 3 |  4- 6 || total
-------------------------+-------+-------++-------
Melee: Flail             |   112 |       ||   112
       Whip              |    26 |   181 ||   207
  Eat: Chunk             |     2 |     7 ||     9
Armor: Scale mail        |    82 |    55 ||   137
       Chain mail        |       |    31 ||    31
Dodge: Dodged            |    47 |    29 ||    76
Block: Shield            |    68 |    68 ||   136
